 Seeded DCSS version 0.30-a0-800-g7c544603b3 (webtiles) character file.

Game seed: 17094993987773851223 (custom seed)

1887394 hikkokomori the Slayer (level 26, 128/256 HPs)
             Began as a Minotaur Fighter on Feb 23, 2023.
             Was a High Priest of Okawaru.
             Escaped with the Orb
             ... and 3 runes!
             The game lasted 01:59:53 (54327 turns).

hikkokomori the Slayer (Minotaur Fighter)          Turns: 54327, Time: 01:59:53

Health: 128/256    AC: 24    Str: 22    XL:     26   Next: 24%
Magic:  32/37      EV: 48    Int:  4    God:    Okawaru [*****.]
Gold:   6495       SH: 41    Dex: 42    Spells: 21/25 levels left

rFire   + + .      SeeInvis +    Y - +9 broad axe of Yxac {freeze, Dex+4}
rCold   + . .      Faith    +    W - +8 tower shield {reflect}
rNeg    + + +      Spirit   .    L - +3 scale mail "Ceuclal" {Dex+6 Stlth+}
rPois   +          Reflect  +    B - -2 hat of the Alchemist {rElec rPois rF+ rC+ rN+ Will+ rMut rCorr}
rElec   +          Harm     .    a - +2 cloak of Levity {rPois Int+2 SInv}
rCorr   +          Rampage  .    Z - +0 pair of gloves of Zicil {+Blink Dex+4}
rMut    +                        t - +2 pair of boots of Taff {Regen+ Dex+2}
Will    ++...                    S - amulet "Miadall" {Faith rF- Regen+ Slay+3}
Stlth   ++++                     n - ring "Ezina" {rF+ rN++ rCorr Int-5 Dex+9}
HPRegen 2.22/turn                V - ring "Uqax" {rF+ SInv}
MPRegen 0.25/turn

@: heroic, finesse-ful, studying Short Blades
A: horns 2, retaliatory headbutt, claws 1, high MP 1, passive freeze, weak 1,
MP-powered wands
0: Orb of Zot
}: 3/15 runes: serpentine, barnacled, silver
a: Renounce Religion, Evoke Blink, Heroism, Finesse, Duel


You escaped.
You worshipped Okawaru.
Okawaru was extremely pleased with you.
You visited 10 branches of the dungeon, and saw 48 of its levels.
You also visited: Ice Cave.

You collected 8977 gold pieces.
You spent 2482 gold pieces at shops.

Inventory:

Hand Weapons
 c - a +1 hand crossbow of freezing
 O - the +7 broad axe "Ojekuv" {drain, rElec rPois}
   (You bought it in a shop on level 6 of the Dungeon)

   rElec:     It insulates you from electricity.
   rPois:     It protects you from poison.
 Y - the +9 broad axe of Yxac (weapon) {freeze, Dex+4}
   (Okawaru gifted it to you on level 3 of the Realm of Zot)

   Dex:       It affects your dexterity (+4).
Missiles
 I - 6 throwing nets
Armour
 a - the +2 cloak of Levity (worn) {rPois Int+2 SInv}
   (You found it on level 2 of the Depths)

   Int:       It affects your intelligence (+2).
   rPois:     It protects you from poison.
   SInv:      It lets you see invisible.
 e - the +0 mask of the Dragon {Will+ Slay+3 SInv}
   (Okawaru gifted it to you on level 1 of the Realm of Zot)

   Slay:      It affects your accuracy & damage with ranged weapons and melee
   (+3).
   SInv:      It lets you see invisible.
   Will:      It increases your willpower.
 t - the +2 pair of boots of Taff (worn) {Regen+ Dex+2}
   (Okawaru gifted it to you on level 1 of the Vaults)

   Dex:       It affects your dexterity (+2).
   Regen:     It increases your rate of health regeneration.
 B - the -2 hat of the Alchemist (worn) {rElec rPois rF+ rC+ rN+ Will+ rMut rCorr}
   (You bought it in a shop on level 1 of the Dungeon)

   rF:        It protects you from fire.
   rC:        It protects you from cold.
   rElec:     It insulates you from electricity.
   rPois:     It protects you from poison.
   rN:        It protects you from negative energy.
   rCorr:     It protects you from acid and corrosion.
   rMut:      It protects you from mutation.
   Will:      It increases your willpower.
 L - the +3 scale mail "Ceuclal" (worn) {Dex+6 Stlth+}
   (You found it on level 8 of the Dungeon)

   Dex:       It affects your dexterity (+6).
   Stlth:     It makes you more stealthy.
 W - a +8 tower shield of reflection (worn)
 X - +5 ice dragon scales
 Z - the +0 pair of gloves of Zicil (worn) {+Blink Dex+4}
   (Okawaru gifted it to you on level 3 of the Lair of Beasts)

   Dex:       It affects your dexterity (+4).
   +Blink:    It lets you blink.
Jewellery
 n - the ring "Ezina" (left hand) {rF+ rN++ rCorr Int-5 Dex+9}
   (You found it on level 2 of the Dungeon)

   [ring of protection from fire]

   Int:       It affects your intelligence (-5).
   Dex:       It affects your dexterity (+9).
   rF:        It protects you from fire.
   rN:        It greatly protects you from negative energy.
   rCorr:     It protects you from acid and corrosion.
 p - an amulet of guardian spirit
 H - a ring of positive energy
 K - a ring of willpower
 P - a ring of willpower
 S - the amulet "Miadall" (around neck) {Faith rF- Regen+ Slay+3}
   (You acquired it on level 1 of the Vaults)

   [amulet of faith]

   It allows you to gain divine favour quickly.
   Slay:      It affects your accuracy & damage with ranged weapons and melee
   (+3).
   rF:        It makes you vulnerable to fire.
   Regen:     It increases your rate of health regeneration.
 V - the ring "Uqax" (right hand) {rF+ SInv}
   (You took it off a merfolk on level 4 of the Shoals)

   [ring of see invisible]

   rF:        It protects you from fire.
   SInv:      It lets you see invisible.
Wands
 b - a wand of mindburst (30)
 r - a wand of flame (98) (quivered)
 D - a wand of quicksilver (41)
 M - a wand of digging (7)
 N - a wand of paralysis (35)
 R - a wand of polymorph (19)
 T - a wand of roots (18)
Scrolls
 f - 3 scrolls of silence
 i - 3 scrolls of amnesia
 j - 14 scrolls of magic mapping
 q - 5 scrolls of immolation
 u - a scroll of brand weapon
 w - 7 scrolls of fog
 x - 28 scrolls of teleportation
 y - 4 scrolls of poison
 C - 3 scrolls of blinking
 G - 13 scrolls of fear
 U - 7 scrolls of vulnerability
Potions
 d - 3 potions of might
 g - a potion of haste
 h - 13 potions of mutation
 l - 12 potions of curing
 m - 3 potions of invisibility
 o - 2 potions of resistance
 s - 4 potions of flight
 v - 2 potions of cancellation
 z - 4 potions of berserk rage
 A - 4 potions of magic
 E - 2 potions of ambrosia
 F - 4 potions of heal wounds
 J - 7 potions of attraction
 Q - 5 potions of brilliance
Miscellaneous
 k - a condenser vane


   Skills:
 + Level 24.6(27) Fighting
 - Level 2.2(7.2) Short Blades
 + Level 20.7(25.7) Axes
 + Level 19.6(24.6) Armour
 + Level 22.5(27) Dodging
 + Level 18.4(23.4) Stealth
 - Level 22.7(27) Shields
 - Level 16.1 Invocations
 + Level 13.3 Evocations


You had 21 spell levels left.
You knew the following spells:

 Your Spells              Type           Power      Damage    Failure   Level
a - Olgreb's Toxic Radia  Pois           0%         N/A       100%        4

Your spell library contained the following spells:

 Spells                   Type           Power      Damage    Failure   Level
 Apportation              Tloc           0%         N/A       65%         1
 Freeze                   Ice            0%         1d3       65%         1
 Magic Dart               Conj           0%         1d3       65%         1
 Slow                     Hex            0%         N/A       65%         1
 Sting                    Tmut/Pois      0%         1d3       65%         1
 Blink                    Tloc           0%         N/A       80%         2
 Ensorcelled Hibernation  Hex/Ice        0%         N/A       80%         2
 Lesser Beckoning         Tloc           0%         N/A       80%         2
 Passwall                 Tmut/Erth      0%         N/A       80%         2
 Poisonous Vapours        Pois/Air       0%         N/A       80%         2
 Scorch                   Fire           0%         2d5       80%         2
 Searing Ray              Conj           0%         2d4       80%         2
 Static Discharge         Conj/Air       0%         2-2/arc   80%         2
 Sublimation of Blood     Necr           0%         N/A       80%         2
 Confusing Touch          Hex            0%         N/A       95%         3
 Dazzling Flash           Conj/Hex       0%         N/A       95%         3
 Frozen Ramparts          Ice            0%         1d1       95%         3
 Gell's Gravitas          Tloc           0%         N/A       95%         3
 Hailstorm                Conj/Ice       0%         3d3       95%         3
 Ignite Poison            Fire/Tmut/Pois 0%         N/A       95%         3
 Kindle Blastsparks       Fire/Tloc/Air  0%         2d10      95%         3
 Mephitic Cloud           Conj/Pois/Air  0%         N/A       95%         3
 Portal Projectile        Hex/Tloc       0%         N/A       95%         3
 Spider Form              Tmut/Pois      0%         N/A       95%         3
 Swiftness                Air            0%         N/A       95%         3
 Teleport Other           Tloc           0%         N/A       95%         3
 Vampiric Draining        Necr           0%         2d6       95%         3
 Vhi's Electric Charge    Tloc/Air       0%         N/A       95%         3
 Anguish                  Hex/Necr       0%         N/A       100%        4
 Flame Wave               Conj/Fire      0%         2d4       100%        4
 Fulminant Prism          Conj/Hex       0%         3d5       100%        4
 Ice Form                 Ice/Tmut       0%         N/A       100%        4
 Iskenderun's Mystic Bla  Conj/Tloc      0%         2d3       100%        4
 Manifold Assault         Tloc           0%         N/A       100%        4
 Passage of Golubria      Tloc           0%         N/A       100%        4
 Petrify                  Tmut/Erth      0%         N/A       100%        4
 Sticky Flame             Conj/Fire      0%         2d3       100%        4
 Alistair's Intoxication  Tmut/Pois      0%         N/A       100%        5
 Arcjolt                  Conj/Air       0%         1d10      100%        5
 Borgnjor's Vile Clutch   Necr/Erth      0%         N/A       100%        5
 Freezing Cloud           Conj/Ice/Air   0%         6-21      100%        5
 Irradiate                Conj/Tmut      0%         3d11      100%        5
 Lee's Rapid Deconstruct  Erth           0%         3d4*      100%        5
 Lightning Bolt           Conj/Air       0%         1d11      100%        5
 Silence                  Hex/Air        0%         N/A       100%        5
 Yara's Violent Unravell  Hex/Tmut       0%         3d3       100%        5
 Dispersal                Tloc           0%         N/A       100%        6
 Eringya's Noxious Bog    Tmut/Pois      0%         N/A       100%        6
 Starburst                Conj/Fire      0%         6d3       100%        6
 Storm Form               Tmut/Air       0%         N/A       100%        7
 Ignition                 Fire           0%         3d3       100%        8
 Lehudib's Crystal Spear  Conj/Erth      0%         10d2      100%        8
 Fire Storm               Conj/Fire      0%         5d1       100%        9
 Polar Vortex             Ice            0%         N/A       100%        9
 Call Imp                 Summ           Unusable   N/A       N/A         2
 Tukima's Dance           Hex            Unusable   N/A       N/A         3
 Animate Dead             Necr           Unusable   N/A       N/A         4
 Summon Ice Beast         Ice/Summ       Unusable   N/A       N/A         4
 Summon Mana Viper        Hex/Summ       Unusable   N/A       N/A         5
 Death Channel            Necr           Unusable   N/A       N/A         6
 Simulacrum               Ice/Necr       Unusable   N/A       N/A         6
 Summon Cactus Giant      Summ           Unusable   N/A       N/A         6

Dungeon Overview and Level Annotations

Branches:
Dungeon (15/15)            Temple (1/1) D:7            Lair (5/5) D:9
 Shoals (4/4) Lair:3        Snake (4/4) Lair:2        Slime (0/5) Lair:4
    Orc (2/2) D:10            Elf (3/3) Orc:2        Vaults (5/5) D:13
  Crypt (0/3) Vaults:2     Depths (4/4) D:15            Zot (5/5) Depths:4
  IceCv (visited)

Altars:
Ashenzari
Cheibriados
Dithmenos
Elyvilon
Fedhas
Gozag
Hepliaklqana
Kikubaaqudgha
Makhleb
Nemelex Xobeh
Okawaru
Qazlal
Ru
Sif Muna
Trog
Uskayaw
Vehumet
Wu Jian
Xom
Yredelemnul
Zin
The Shining One
Lugonu

Shops:
D:1 ***   D:6 [[(   D:9 ?   D:15 (   Orc:2 *(*:   Elf:2 ::=!   Shoals:1 (?(
Shoals:3 *:(   Snake:4 (*(*   Vaults:3 ?   Depths:3 *

Portals:
Hell: Depths:1 Depths:2 Depths:3 Depths:4
Abyss: Depths:1 Depths:2 Depths:3
Pandemonium: Depths:2 Depths:3
Ziggurat: Depths:1


Innate Abilities, Weirdness & Mutations

You have a pair of horns on your head.
You reflexively headbutt those who attack you in melee.
You have sharp fingernails.
You have an increased reservoir of magic. (+10% MP)
A frigid envelope surrounds you and freezes all who hurt you.
You are weak. (Str -2)
You expend magic power (3 MP) to strengthen your wands.


Message History

You slash the Brimstone Fiend! You freeze the Brimstone Fiend.
The Brimstone Fiend is moderately wounded.
You hit the tormentor. You freeze the tormentor. You slash the Brimstone Fiend!
You freeze the Brimstone Fiend. You headbutt the Brimstone Fiend.
The Brimstone Fiend is heavily wounded.
You slash the tormentor! You freeze the tormentor.
You block the tormentor's attack. x2
The Brimstone Fiend completely misses you.
You furiously retaliate!
You headbutt the Brimstone Fiend! You block the Brimstone Fiend's attack.
The Brimstone Fiend completely misses you.
You barely miss the Brimstone Fiend. You headbutt the Brimstone Fiend.
The Brimstone Fiend is heavily wounded.
You slash the tormentor! You freeze the tormentor. You slice the tormentor!!
You freeze the tormentor!
You kill the tormentor!
You hit the Brimstone Fiend. You freeze the Brimstone Fiend.
You hit the Brimstone Fiend. You freeze the Brimstone Fiend.
You headbutt the Brimstone Fiend, but do no damage.
The Brimstone Fiend is severely wounded.
The Brimstone Fiend calls on the powers of darkness!
Your body is wracked with pain!
You are too injured to fight recklessly!
You are too injured to fight recklessly!
You are too injured to fight recklessly!
You are too injured to fight recklessly!
You slash the Brimstone Fiend! You freeze the Brimstone Fiend.
The Brimstone Fiend is almost dead.
An Executioner comes into view.
The Executioner gives a hideous shriek!
You slash the Brimstone Fiend! You freeze the Brimstone Fiend.
You kill the Brimstone Fiend!
Okawaru accepts your kill.
Xizxinwe gestures.
Xizxinwe gestures.
Some rock shatters into small pieces.
There is a staircase leading out of the dungeon here.
You hear a grinding noise.
You have escaped!

♣♣♣♣♣♣♣♣♣
♣@......♣
###♣..P.PP.♣
#..&.P~~~P.♣
#&#♣..~8≈P.♣
#..#♣.P~~~..♣
##9#♣...P.P.♣
##2#♣.......♣
#######
#4.#♣♣♣♣♣♣♣♣♣
......######1##


You could see Xizxinwe.

Vanquished Creatures
  A dread lich (Zot:5)
  6 ancient liches
  8 orbs of fire
  Sojobo (Vaults:5)
  The ghost of Leriaza the Warrior, a veteran DsVM of Vehumet (Vaults:1)
  6 Killer Klowns
  A caustic shrike (Depths:2)
  14 golden dragons
  4 curse toes
  The ghost of Caat Rau the Warrior, an adept DgCj (Depths:3)
  A bone dragon (Zot:3)
  4 electric golems
  A profane servitor (Zot:5)
  A Brimstone Fiend (D:1)
  2 Hell Sentinels
  24 tentacled monstrosities
  An Ice Fiend (D:1)
  29 Orb Guardians
  Mlioglotl (Shoals:1)
  Rupert (D:13)
  4 liches
  A walking earthen tome (Depths:3)
  4 titans (Vaults:5)
  3 deep elf blademasters
  10 quicksilver dragons
  2 deep elf master archers (Elf:3)
  7 death cobs
  4 sphinxes
  A kraken (Shoals:4)
  An Executioner (D:15)
  9 shadow dragons
  16 storm dragons
  2 nagarajas (Snake:2)
  6 tengu reavers
  2 revenants
  7 draconian monks
  A storm dragon (shapeshifter) (Vaults:2)
  A rockslime (Zot:5)
  9 draconian knights
  Donald (Shoals:3)
  Ilsuiw (Shoals:4)
  15 frost giants
  2 balrugs
  12 fire giants
  A deep elf sorcerer (Vaults:5)
  Louise (Elf:2)
  2 draconian scorchers (Zot:1)
  2 orc warlords
  6 ghost moths
  12 vault wardens
  An iron dragon (Depths:4)
  3 cacodemons
  4 deep elf elementalists (Elf:3)
  6 draconian annihilators
  3 draconian shifters (Zot:1)
  A ghoul (Vaults:2)
  19 ironbound preservers
  8 stone giants
  7 ironbound thunderhulks
  27 very ugly things
  A reaper (D:1)
  2 war gargoyles (Vaults:4)
  4 draconian stormcallers
  4 spriggan defenders
  2 vampire knights (Depths:3)
  7 deep elf demonologists (Elf:3)
  5 green draconians
  6 deep elf annihilators
  Nessos (Lair:4)
  14 dire elephants
  2 lorocyprocas
  8 white draconians
  11 spark wasps
  11 purple draconians
  12 red draconians
  11 yellow draconians
  Azrael (Elf:2)
  4 black draconians
  7 deep elf death magi
  9 merfolk javelineers
  3 eidola (Vaults:1)
  9 merfolk impalers
  8 ettins
  10 yaktaur captains
  12 fire dragons
  Josephine (Lair:4)
  2 rakshasas (Depths:3)
  4 great orbs of eyes
  4 deep elf high priests
  33 vault guards
  An ice dragon (shapeshifter) (Vaults:5)
  3 salamander tyrants
  An ogre mage (D:15)
  7 spriggan air magi
  3 peacekeepers
  A hell beast (Depths:1)
  5 ice dragons
  14 anacondas
  4 boulder beetles
  21 centaur warriors
  A hydra (Lair:4)
  7 ironbound frosthearts
  3 alligator snapping turtles
  A death knight (D:13)
  A satyr (shapeshifter) (Vaults:5)
  7 two-headed ogres
  Erica (D:11)
  17 dancing weapons
  4 merfolk avatars (Shoals:4)
  3 satyrs
  2 two-headed ogres (shapeshifter) (Vaults:5)
  15 naga warriors
  6 hell hogs
  5 merfolk aquamancers
  10 tengu warriors
  7 deep troll earth magi
  7 deep troll shamans
  2 soul eaters (Depths:3)
  2 large abominations (D:15)
  2 orc high priests
  7 skysharks
  14 naga sharpshooters
  A shock serpent (shapeshifter) (Vaults:5)
  5 spriggan berserkers
  6 shock serpents
  7 death yaks (IceCv)
  15 deep elf knights
  18 hell knights
  8 sixfirhies
  5 sun demons
  6 spriggans
  A goliath frog (shapeshifter) (Vaults:5)
  6 salamander mystics
  4 glowing orange brains
  A sea snake (shapeshifter) (Elf:2)
  5 flayed ghosts
  A kraken simulacrum (Shoals:4)
  12 sea snakes
  60 deep trolls
  11 iron trolls
  A cherub (Zot:1)
  A shadow demon (Depths:2)
  An orange crystal statue (Depths:2)
  4 naga ritualists
  12 wizards
  2 obsidian statues
  9 deep elf archers
  9 orc knights
  24 deep elf zephyrmancers
  14 harpies
  2 necromancers
  6 phantasmal warriors
  8 orc sorcerers
  18 deep elf pyromancers
  15 ironbound convokers
  16 lindwurms
  7 mana vipers
  41 ugly things
  A fire giant zombie (Vaults:4)
  An oklob plant (Lair:2)
  24 salamanders
  7 fauns
  4 cyclopes
  A glowing shapeshifter (Vaults:5)
  15 manticores
  27 moths of wrath
  A black mamba (shapeshifter) (D:13)
  3 rust devils
  7 guardian serpents
  A fire giant skeleton (Vaults:4)
  Maurice (Orc:1)
  12 elephants
  22 vault sentinels
  9 cane toads
  7 merfolk sirens
  2 water nymphs (Shoals:4)
  36 black mambas
  A gargoyle (D:10)
  2 smoke demons
  19 naga magi
  An ice statue (IceCv)
  A human zombie (Vaults:4)
  2 torpor snails (Lair:5)
  A demonic crawler (D:5)
  A tormentor (D:1)
  An unseen horror (D:12)
  8 freezing wraiths
  4 komodo dragons
  6 rime drakes
  4 tengu conjurers
  A hellion (Depths:2)
  23 yaktaurs
  30 merfolk
  2 red devils
  18 polar bears
  2 kobold demonologists
  2 ice devils (Depths:3)
  3 wind drakes
  2 hellwings (Depths:2)
  3 meliai (D:14)
  8 hornets
  A tyrant leech (shapeshifter) (Depths:3)
  A queen bee (shapeshifter) (D:15)
  A troll (shapeshifter) (D:15)
  6 trolls
  A wind drake (shapeshifter) (Depths:3)
  A hornet (shapeshifter) (Vaults:5)
  A dream sheep (shapeshifter) (Vaults:5)
  17 blink frogs
  22 dream sheep
  A tarantella (shapeshifter) (Depths:2)
  Prince Ribbit (Lair:1)
  4 raiju (Lair:5)
  7 snapping turtles
  28 slime creatures
  A culicivora (shapeshifter) (D:15)
  3 spriggans (shapeshifter)
  An air elemental (Elf:1)
  5 wyverns
  9 water elementals
  4 shadows
  A fire elemental (Elf:2)
  51 yaks
  9 wraiths
  16 humans (D:13)
  A basilisk (Lair:4)
  2 neqoxecs
  4 golden eyes (D:6)
  Grum (D:8)
  3 alligator snapping turtle simulacra (Shoals:4)
  4 vampire mosquitoes (D:12)
  2 steam dragons
  5 harpy simulacra (Shoals:4)
  A death yak simulacrum (Shoals:4)
  3 chaos spawn
  A sea snake simulacrum (Shoals:4)
  9 wargs
  35 nagas
  4 acid dragons
  A glowing shapeshifter zombie (Vaults:4)
  15 water moccasins
  A floating eye (Depths:3)
  18 hell hounds
  18 orc warriors
  4 ice beasts
  13 black bears
  A sky beast (D:6)
  46 wolves
  9 ogres
  13 boggarts
  3 satyr simulacra (Shoals:4)
  9 centaurs
  4 phantoms
  9 kobold brigands
  11 bullfrogs
  An earth elemental (Elf:2)
  A necrophage (D:6)
  4 scorpions
  2 gnoll sergeants
  A merfolk simulacrum (Shoals:4)
  A faun simulacrum (Shoals:4)
  4 wights
  A manticore simulacrum (Shoals:4)
  19 killer bees
  2 snapping turtle simulacra (Shoals:4)
  3 howler monkeys
  An electric eel (Lair:1)
  A hound (D:7)
  10 orc priests
  2 cyclops simulacra (Shoals:4)
  A jelly (Lair:4)
  36 orc wizards
  2 iguanas (D:6)
  Natasha (thrice) (D:3)
  4 centaur simulacra
  5 gnolls (D:12)
  7 adders
  A shadow imp (D:7)
  2 white imps
  An adder zombie (D:2)
  A worm (D:2)
  5 dart slugs
  41 orcs
  8 ball pythons
  6 bats
  A bat skeleton (D:2)
  12 endoplasms
  A giant cockroach (D:4)
  5 goblins
  10 hobgoblins
  21 kobolds
  3 quokkas
  2 ball python zombies (D:2)
  2 frilled lizards
  A quokka skeleton (D:2)
  6 rats
  A butterfly (Lair:4)
  3 tentacles (Shoals:4)
2098 creatures vanquished.

Vanquished Creatures (others)
  A storm dragon (Zot:2)
  2 draconian knights
  A fire giant (Depths:2)
  A draconian stormcaller (Depths:4)
  A deep elf annihilator (Elf:3)
  A merfolk javelineer (Shoals:4)
  A deep elf knight (Elf:2)
  2 deep elf zephyrmancers
  A deep elf pyromancer (Elf:3)
  2 fauns
  A moth of wrath (Zot:5)
  A merfolk (Shoals:4)
  An orc wizard (Orc:2)
  27 fungi
  95 plants
  7 tentacles (Shoals:4)
  A withered plant (D:2)
146 creatures vanquished.

Grand Total: 2244 creatures vanquished

Notes
Turn   | Place    | Note
-------+----------+-------------------------------------------
     0 | D:1      | hikkokomori the Minotaur Fighter began the quest for the
                  | Orb.
     0 | D:1      | Reached XP level 1. HP: 19/19 MP: 0/0
    13 | D:1      | Found Fiyrphoi's General Store.
    32 | D:1      | Found Juzxaq's General Store.
   161 | D:1      | Reached XP level 2. HP: 27/27 MP: 1/1
   239 | D:1      | Found Hunlibb Keixt's Assorted Antiques.
   373 | D:1      | Reached skill level 4 in Fighting
   818 | D:2      | Reached XP level 3. HP: 33/33 MP: 2/2
  1532 | D:2      | Identified the ring "Ezina" {rF+ rN++ rCorr Int-5 Dex+9}
  1565 | D:3      | You fall into a shaft and drop 2 floors!
  1565 | D:5      | Entered Level 5 of the Dungeon
  1656 | D:5      | Noticed an ice beast
  1661 | D:4      | Noticed a scorpion
  1674 | D:4      | Killed a scorpion
  1675 | D:4      | Reached XP level 4. HP: 13/41 MP: 3/3
  1675 | D:4      | Gained mutation: Your mind is acute. (Int +4, Str/Dex -1)
                  | [potion of mutation]
  1675 | D:4      | Gained mutation: You expend magic power (3 MP) to
                  | strengthen your wands. [potion of mutation]
  1690 | D:4      | Noticed a phantom
  1723 | D:4      | Killed a phantom
  1724 | D:4      | Reached XP level 5. HP: 27/47 MP: 4/4
  1975 | D:3      | Noticed Natasha
  1979 | D:3      | Killed Natasha
  1980 | D:3      | Reached skill level 5 in Fighting
  1980 | D:3      | Reached skill level 5 in Armour
  1980 | D:3      | Reached skill level 5 in Shields
  1988 | D:3      | Noticed Natasha
  1992 | D:3      | Killed Natasha
  2013 | D:3      | Reached XP level 6. HP: 56/56 MP: 5/5
  2158 | D:3      | Noticed Natasha
  2164 | D:3      | Killed Natasha
  2165 | D:3      | Reached skill level 1 in Dodging
  2878 | D:1      | Bought an ichor-stained chain mail for 199 gold pieces
  2878 | D:1      | Identified the +0 chain mail of Bad Feelings {Fly SInv}
                  | (You bought it in a shop on level 1 of the Dungeon)
  3140 | D:4      | Reached XP level 7. HP: 56/61 MP: 6/6
  3207 | D:4      | Reached skill level 5 in Axes
  3520 | D:5      | Reached skill level 6 in Fighting
  3658 | D:5      | Reached XP level 8. HP: 70/70 MP: 7/7
  4204 | D:6      | Found Joycs's Antique Armour Boutique.
  4230 | D:6      | Found Tunwuele's Antique Armour Emporium.
  4252 | D:6      | Bought a pair of gloves for 108 gold pieces
  4571 | D:6      | Reached skill level 7 in Fighting
  4715 | D:6      | Found Kolokhluf's Antique Weapon Shop.
  4953 | D:7      | Identified the +1 dagger of Olutod {holy, SInv}
  5009 | D:7      | Found a staircase to the Ecumenical Temple.
  5032 | Temple   | Entered the Ecumenical Temple
  5329 | Temple   | Became a worshipper of Warmaster Okawaru
  5548 | D:7      | Reached XP level 9. HP: 77/79 MP: 8/8
  5776 | D:7      | Reached skill level 5 in Dodging
  6276 | D:8      | Noticed Grum
  6288 | D:8      | Reached * piety under Okawaru
  6302 | D:8      | Killed Grum
  6304 | D:8      | Reached skill level 8 in Fighting
  6481 | D:8      | Identified the +3 scale mail "Ceuclal" {Dex+6 Stlth+}
  7061 | D:8      | Reached ** piety under Okawaru
  7637 | D:9      | Reached XP level 10. HP: 78/90 MP: 9/9
  7896 | D:9      | Reached skill level 9 in Fighting
  7897 | D:9      | Reached *** piety under Okawaru
  8260 | D:9      | Identified the +8 short sword "Zatwap" {spect, rCorr Int-3
                  | Dex+4}
  8441 | D:9      | Found a staircase to the Lair.
  8572 | D:9      | Reached **** piety under Okawaru
  8636 | D:9      | Reached skill level 1 in Invocations
  8638 | D:9      | Reached skill level 1 in Short Blades
  8667 | D:9      | Found Mihiwaoh's Magic Scroll Shoppe.
  8818 | D:10     | Entered Level 10 of the Dungeon
  8880 | D:10     | Found a shadowy altar of Dithmenos.
  8923 | D:10     | Reached skill level 1 in Stealth
  9031 | D:10     | Found a staircase to the Orcish Mines.
  9199 | D:10     | Reached XP level 11. HP: 88/99 MP: 11/11
  9437 | D:6      | Bought a fine broad axe for 216 gold pieces
  9437 | D:6      | Identified the +7 broad axe "Ojekuv" {drain, rElec rPois}
                  | (You bought it in a shop on level 6 of the Dungeon)
  9593 | D:10     | Reached skill level 10 in Shields
  9593 | D:10     | Reached ***** piety under Okawaru
  9594 | D:10     | Reached skill level 10 in Fighting
 10163 | D:10     | Learned a level 4 spell: Olgreb's Toxic Radiance
 10210 | Lair:1   | Entered Level 1 of the Lair of Beasts
 10650 | Lair:1   | Noticed Prince Ribbit
 10657 | Lair:1   | Killed Prince Ribbit
 10700 | Lair:1   | Received a gift from Okawaru
 10782 | Lair:1   | You fall into a shaft and drop 1 floor!
 10850 | Lair:2   | Reached skill level 10 in Axes
 10975 | Lair:2   | Found a staircase to the Snake Pit.
 11065 | Lair:2   | Received a gift from Okawaru
 11111 | Lair:2   | Found a snail-covered altar of Cheibriados.
 11114 | Lair:2   | Noticed an oklob plant
 11122 | Lair:2   | Killed an oklob plant
 11219 | Lair:2   | Reached skill level 11 in Fighting
 11257 | Lair:2   | Reached XP level 12. HP: 101/110 MP: 14/14
 11806 | Lair:2   | Reached skill level 5 in Invocations
 11922 | Lair:2   | Reached ****** piety under Okawaru
 12274 | Lair:2   | Received a gift from Okawaru
 12436 | Lair:2   | Reached skill level 5 in Stealth
 12524 | Lair:3   | Received a gift from Okawaru
 12628 | Lair:3   | Found a staircase to the Shoals.
 12813 | Lair:3   | Reached skill level 12 in Fighting
 12819 | Lair:3   | Reached skill level 10 in Dodging
 13113 | Lair:3   | Identified the +0 pair of gloves of Zicil {+Blink Dex+4}
                  | (Okawaru gifted it to you on level 3 of the Lair of Beasts)
 13113 | Lair:3   | Received a gift from Okawaru
 13452 | Lair:4   | Reached XP level 13. HP: 118/118 MP: 16/16
 13462 | Lair:4   | Noticed Nessos
 13472 | Lair:4   | Killed Nessos
 13508 | Lair:4   | Found a runed translucent door.
 13512 | Lair:4   | Found a staircase to the Slime Pits.
 13687 | Lair:4   | Noticed Josephine
 13695 | Lair:4   | Paralysed by a hornet for 2 turns
 13699 | Lair:4   | Killed Josephine
 14705 | Lair:5   | Entered Level 5 of the Lair of Beasts
 15336 | Lair:5   | Received a gift from Okawaru
 15801 | Lair:5   | Reached skill level 13 in Fighting
 15977 | Lair:5   | Reached XP level 14. HP: 118/129 MP: 18/18
 16023 | Lair:5   | Received a gift from Okawaru
 16361 | Orc:1    | Entered Level 1 of the Orcish Mines
 16371 | Orc:1    | Noticed Maurice
 16389 | Orc:1    | Killed Maurice
 16766 | D:1      | Bought the -2 hat of the Alchemist {rElec rPois rF+ rC+ rN+
                  | Will+ rMut rCorr} for 991 gold pieces
 16766 | D:1      | Found the -2 hat of the Alchemist {rElec rPois rF+ rC+ rN+
                  | Will+ rMut rCorr}
 17022 | Orc:2    | Entered Level 2 of the Orcish Mines
 17022 | Orc:2    | Found a staircase to the Elven Halls.
 17599 | Orc:2    | Found Wugoimoo's General Store.
 17600 | Orc:2    | Found Coirro's General Store.
 17601 | Orc:2    | Found Ybbolaji's Book Emporium.
 17605 | Orc:2    | Found Dielaip's Antique Weapon Shoppe.
 18399 | Snake:1  | Entered Level 1 of the Snake Pit
 18420 | Snake:1  | Received a gift from Okawaru
 19134 | Snake:2  | Identified the +2 broad axe "Bumaghom" {antimagic, rN+
                  | Int+3} (Okawaru gifted it to you on level 2 of the Snake
                  | Pit)
 19134 | Snake:2  | Received a gift from Okawaru
 19139 | Snake:2  | Reached skill level 14 in Fighting
 19513 | Snake:2  | Noticed a nagaraja
 19516 | Snake:2  | Noticed a nagaraja
 19527 | Snake:2  | Killed a nagaraja
 19888 | Snake:2  | Killed a nagaraja
 19956 | Snake:2  | Identified the +1 pair of gloves "Dohyt" {Rampage} (Okawaru
                  | gifted it to you on level 2 of the Snake Pit)
 19956 | Snake:2  | Received a gift from Okawaru
 20165 | Snake:2  | Reached XP level 15. HP: 102/139 MP: 19/19
 20376 | Snake:2  | You fall into a shaft and drop 1 floor!
 20864 | Snake:3  | Reached skill level 15 in Shields
 20872 | Snake:3  | Reached skill level 15 in Fighting
 21024 | Snake:3  | Received a gift from Okawaru
 21654 | Snake:4  | Entered Level 4 of the Snake Pit
 21749 | Snake:4  | Reached skill level 15 in Axes
 22687 | Snake:4  | Found Labrit's Antique Weapon Shop.
 22691 | Snake:4  | Found Asaociko's Weapon Boutique.
 22691 | Snake:4  | Found Utonkoa's Assorted Antiques.
 22696 | Snake:4  | Found Osyi's Assorted Antiques.
 22938 | Snake:4  | Reached XP level 16. HP: 122/151 MP: 20/20
 22943 | Snake:4  | Reached skill level 16 in Fighting
 23603 | Snake:4  | Got a serpentine rune of Zot
 24069 | Shoals:1 | Entered Level 1 of the Shoals
 24338 | Shoals:1 | Found Xarphal's Weapon Shop.
 24350 | Shoals:1 | Found Piohibomp's Magic Scroll Boutique.
 24502 | Shoals:1 | Identified the +0 hat "Jaiveimy" {rPois rF+ Str+5 Int-3}
                  | (Okawaru gifted it to you on level 1 of the Shoals)
 24502 | Shoals:1 | Received a gift from Okawaru
 24660 | Shoals:1 | Found Cuceowaz's Antique Weapon Shoppe.
 24660 | Shoals:1 | Noticed Mlioglotl
 24671 | Shoals:1 | Noticed a tentacled starspawn
 24673 | Shoals:1 | Killed Mlioglotl
 24674 | Shoals:1 | Reached skill level 10 in Armour
 25270 | Shoals:2 | Reached skill level 15 in Dodging
 25488 | Shoals:3 | Found Egudgh's Book Emporium.
 25513 | Shoals:3 | Noticed Donald
 25522 | Shoals:3 | Killed Donald
 25579 | Shoals:3 | Reached skill level 17 in Fighting
 26084 | Shoals:3 | Found Koteeg's Antique Weapon Shop.
 26440 | Shoals:3 | Found Bakhuo's General Store.
 26448 | Shoals:3 | Bought a scroll of identify for 24 gold pieces
 26448 | Shoals:3 | Bought a potion of heal wounds for 60 gold pieces
 26614 | Shoals:3 | Reached XP level 17. HP: 161/161 MP: 21/21
 26625 | Shoals:4 | Entered Level 4 of the Shoals
 27153 | Shoals:4 | Identified the ring "Uqax" {rF+ SInv}
 27266 | Shoals:4 | Identified the +1 scale mail of Okawaru's Grace {rPois
                  | Regen+ Int-5 Slay+2} (Okawaru gifted it to you on level 4
                  | of the Shoals)
 27266 | Shoals:4 | Received a gift from Okawaru
 27334 | Shoals:4 | Noticed Ilsuiw
 27353 | Shoals:4 | Killed Ilsuiw
 28047 | Shoals:4 | HP: 6/162 [merfolk javelineer/javelin (11)]
 28235 | Shoals:4 | Got a barnacled rune of Zot
 28280 | Shoals:4 | Noticed a kraken
 28330 | Shoals:4 | Killed a kraken
 28650 | Shoals:4 | Found a runed translucent gate.
 28651 | Shoals:4 | Found a runed translucent gate.
 28652 | Shoals:4 | Found a runed translucent gate.
 29323 | D:11     | Identified the +1 scale mail "Qiebb" {-Tele Harm rF++ rC+}
                  | (Okawaru gifted it to you on level 11 of the Dungeon)
 29323 | D:11     | Received a gift from Okawaru
 29337 | D:11     | Noticed Erica
 29345 | D:11     | Killed Erica
 29910 | D:12     | Found a frozen archway.
 30048 | IceCv    | Entered an ice cave
 30988 | IceCv    | Reached XP level 18. HP: 171/171 MP: 24/24
 30998 | IceCv    | Got Sif Muna's Discourse on Transposition
 31003 | IceCv    | Got Leyvirpharph's Atlas of the Jolly Heavens
 31054 | D:13     | Noticed Rupert
 31054 | D:13     | Found a gate to the Vaults.
 31072 | D:13     | Killed Rupert
 31073 | D:13     | Reached skill level 10 in Invocations
 31474 | D:13     | Found a blossoming altar of Fedhas.
 31975 | D:14     | Identified the +0 plate armour "Viystrudo" {Int+4} (Okawaru
                  | gifted it to you on level 14 of the Dungeon)
 31975 | D:14     | Received a gift from Okawaru
 32147 | D:14     | Reached skill level 18 in Fighting
 32764 | D:15     | Entered Level 15 of the Dungeon
 32772 | D:15     | Identified the +4 war axe "Jecsyeq" {heavy, rF+ Int+3}
 33044 | D:15     | Found a staircase to the Depths.
 33189 | D:15     | Identified the +2 trident of Joqeibow {spect, rF+ Str+3}
 33229 | D:15     | Found Juaf's Weapon Boutique.
 33695 | Elf:1    | Entered Level 1 of the Elven Halls
 34737 | Elf:2    | Found Utapnom's Distillery.
 34747 | Elf:2    | Bought a potion of heal wounds for 60 gold pieces
 34833 | Elf:2    | Identified the +11 war axe "Viorphad" {antimagic, rPois rF-
                  | Str+2} (Okawaru gifted it to you on level 2 of the Elven
                  | Halls)
 34833 | Elf:2    | Received a gift from Okawaru
 34888 | Elf:2    | Found Xejiurio's Jewellery Emporium.
 34888 | Elf:2    | Found Beseve's Book Shop.
 34889 | Elf:2    | Found Bylacl Foto's Book Shop.
 34941 | Elf:2    | Found a runed translucent gate.
 34942 | Elf:2    | Found a runed translucent gate.
 34942 | Elf:2    | Found a runed translucent gate.
 35206 | Elf:2    | Identified the +1 tower shield of the Original Sin {Will+++
                  | Int-4}
 35206 | Elf:2    | Noticed Louise
 35231 | Elf:2    | Killed Louise
 35318 | Elf:2    | Noticed Azrael
 35337 | Elf:2    | Killed Azrael
 35338 | Elf:2    | Reached XP level 19. HP: 173/181 MP: 24/26
 35338 | Elf:2    | Received a gift from Okawaru
 35348 | Elf:2    | Reached skill level 15 in Armour
 35624 | Elf:3    | Entered Level 3 of the Elven Halls
 36062 | Elf:3    | Noticed a Brimstone Fiend
 36444 | Elf:3    | Identified the +8 chain mail "Feurojalu" {rElec rCorr}
 36444 | Elf:3    | Identified the amulet "Asuocod" {Reflect rC+ SH+5}
 36456 | Elf:3    | Identified the +7 morningstar "Killer Klown's Peril"
                  | {freeze, rPois Stlth+}
 36456 | Elf:3    | Identified the +1 leather armour "Wes Zeifiha" {Str+3}
 36456 | Elf:3    | Identified the ring of Winev {Fire Int+2}
 36503 | Elf:3    | Noticed a Tzitzimitl
 36817 | Elf:3    | Identified the +1 robe of Xuvehutu {rF++ Will+}
 36842 | Elf:3    | Reached skill level 19 in Fighting
 37041 | Elf:3    | Noticed a Brimstone Fiend
 37408 | Elf:3    | Got the Atlas of Creeping Support
 37424 | Elf:3    | Identified the +3 arbalest of Xigrang {heavy, *Slow Will+++
                  | rCorr Str+3}
 37427 | Elf:3    | Identified the +1 chain mail "Solaobb" {rF+++ rCorr Dex-3
                  | Slay-6}
 37674 | Vaults:1 | Entered Level 1 of the Vaults
 37677 | Vaults:1 | Identified the +2 pair of boots of Taff {Regen+ Dex+2}
                  | (Okawaru gifted it to you on level 1 of the Vaults)
 37677 | Vaults:1 | Received a gift from Okawaru
 37793 | Vaults:1 | Reached skill level 1 in Evocations
 37799 | Vaults:1 | Reached skill level 10 in Stealth
 37952 | Vaults:1 | Identified a scroll of acquirement
 37960 | Vaults:1 | Acquired the amulet "Miadall" {Faith rF- Regen+ Slay+3}
 38187 | Vaults:1 | Identified the +1 pair of boots of Jisiufinn {rC- Int+6}
                  | (Okawaru gifted it to you on level 1 of the Vaults)
 38187 | Vaults:1 | Received a gift from Okawaru
 38424 | Vaults:1 | Found a runed translucent gate.
 38424 | Vaults:1 | Found a runed translucent gate.
 38424 | Vaults:1 | Found a runed translucent gate.
 38425 | Vaults:1 | Noticed Leriaza's ghost (veteran DsVM)
 38509 | Vaults:1 | Reached XP level 20. HP: 191/191 MP: 28/28
 39572 | Vaults:2 | Got the Verses on the Heated Wayfarer
 39790 | Vaults:2 | Found a staircase to the Crypt.
 39923 | Vaults:2 | Reached skill level 20 in Fighting
 40571 | Vaults:3 | Reached skill level 5 in Evocations
 40647 | Vaults:3 | Found Podo's Magic Scroll Shoppe.
 40736 | Vaults:3 | Identified the +8 tower shield of the Moon Troll {rPois
                  | Int+4} (Okawaru gifted it to you on level 3 of the Vaults)
 40736 | Vaults:3 | Received a gift from Okawaru
 40896 | Vaults:3 | Identified the +5 shortbow "Pejesuilam" {freeze, rF+ Str+3
                  | Int+2}
 41139 | Vaults:3 | Identified the +2 trident "Wiatu" {vamp, rElec Str-3 Dex+4
                  | SInv}
 41206 | Vaults:3 | Identified the +5 long sword of the Endless Hells {freeze,
                  | rC- rN+ Str+4 Stlth+}
 41225 | Vaults:3 | Reached XP level 21. HP: 202/202 MP: 30/30
 41767 | Vaults:4 | Received a gift from Okawaru
 42441 | Vaults:5 | Entered Level 5 of the Vaults
 42448 | Vaults:5 | Identified the +4 chain mail "Yhataicu" {Will+ Str+4}
                  | (Okawaru gifted it to you on level 5 of the Vaults)
 42448 | Vaults:5 | Received a gift from Okawaru
 42470 | Vaults:5 | Noticed a golden dragon
 42480 | Vaults:5 | Noticed a golden dragon
 42496 | Vaults:5 | Killed a golden dragon
 42506 | Vaults:5 | Killed a golden dragon
 42518 | Vaults:5 | Noticed an ancient lich
 42543 | Vaults:5 | Killed an ancient lich
 42544 | Vaults:5 | Reached skill level 21 in Fighting
 42581 | Vaults:5 | Received a gift from Okawaru
 42593 | Vaults:5 | Noticed Sojobo
 42600 | Vaults:5 | Killed Sojobo
 42614 | Vaults:5 | Reached XP level 22. HP: 112/213 MP: 31/31
 42884 | Vaults:5 | Received a gift from Okawaru
 42953 | Vaults:5 | Noticed a golden dragon
 42975 | Vaults:5 | Killed a golden dragon
 43149 | Vaults:5 | Got a silver rune of Zot
 44025 | Vaults:1 | Killed Leriaza's ghost
 44227 | Depths:1 | Entered Level 1 of the Depths
 44272 | Depths:1 | Found a one-way gateway to a ziggurat.
 44362 | Depths:1 | Found a corrupted altar of Lugonu.
 44362 | Depths:1 | Found a one-way gate to the infinite horrors of the Abyss.
 44637 | Depths:1 | Received a gift from Okawaru
 44709 | Depths:1 | Found a radiant altar of Vehumet.
 44757 | Depths:1 | Found a gateway to Hell.
 44930 | Depths:2 | Noticed a caustic shrike
 44930 | Depths:2 | Found a transporter.
 44945 | Depths:2 | Found a transporter.
 45035 | Depths:2 | Killed a caustic shrike
 45041 | Depths:2 | Reached skill level 15 in Invocations
 45051 | Depths:2 | Identified the +2 cloak of Levity {rPois Int+2 SInv}
 45244 | Depths:2 | Found an iron altar of Okawaru.
 45475 | Depths:2 | Found a one-way gate leading to the halls of Pandemonium.
 46084 | Depths:2 | Reached skill level 22 in Fighting
 46394 | Depths:3 | Reached XP level 23. HP: 214/223 MP: 31/33
 46597 | Depths:3 | Identified the +2 pair of gloves "Owunkewn" {rF++ rN+}
                  | (Okawaru gifted it to you on level 3 of the Depths)
 46597 | Depths:3 | Received a gift from Okawaru
 46745 | Depths:3 | Found a basalt altar of Yredelemnul.
 47218 | Depths:3 | Reached skill level 10 in Evocations
 47359 | Depths:3 | Found a runed translucent gate.
 47360 | Depths:3 | Found a runed translucent gate.
 47360 | Depths:3 | Found an opulent altar of Gozag.
 47361 | Depths:3 | Found a runed translucent gate.
 47362 | Depths:3 | Noticed Caat Rau's ghost (adept DgCj)
 47363 | Depths:3 | Found Ineaqiro's Assorted Antiques.
 47382 | Depths:3 | Reached skill level 15 in Stealth
 47404 | Depths:3 | Killed Caat Rau's ghost
 47413 | Depths:3 | Received a gift from Okawaru
 47491 | Depths:3 | Bought a potion of resistance for 330 gold pieces
 47491 | Depths:3 | Bought a scroll of blinking for 247 gold pieces
 47491 | Depths:3 | Bought a scroll of enchant armour for 247 gold pieces
 47627 | Depths:4 | Entered Level 4 of the Depths
 47628 | Depths:4 | Identified the +6 hand axe of the Ghost {freeze, rElec
                  | rN+++ Str-5 Dex-2}
 47795 | Depths:4 | Found a gate to the Realm of Zot.
 47984 | Depths:4 | Received a gift from Okawaru
 48700 | Zot:1    | Entered Level 1 of the Realm of Zot
 48890 | Zot:1    | Reached XP level 24. HP: 154/234 MP: 34/34
 48895 | Zot:1    | Received a gift from Okawaru
 49171 | Zot:1    | Received a gift from Okawaru
 49171 | Zot:1    | Found the +0 mask of the Dragon {Will+ Slay+3 SInv}
 49172 | Zot:1    | Reached skill level 23 in Fighting
 49812 | Zot:2    | Noticed a Killer Klown
 49831 | Zot:2    | Killed a Killer Klown
 50627 | Arena    | Entered the Arena
 50653 | Zot:3    | Noticed an orb of fire
 50668 | Zot:3    | HP: 10/235 [storm dragon (9)]
 50840 | Zot:3    | Gained mutation: You are weak. (Str -2) [an orb of fire]
 50860 | Zot:2    | Killed an orb of fire
 50914 | Zot:3    | Received a gift from Okawaru
 51387 | Zot:3    | Identified the +9 broad axe of Yxac {freeze, Dex+4}
                  | (Okawaru gifted it to you on level 3 of the Realm of Zot)
 51387 | Zot:3    | Received a gift from Okawaru
 51461 | Zot:3    | Identified the +4 ring mail of the Jabberwock {rF+ Str-4
                  | Int+3}
 51830 | Zot:4    | Noticed an orb of fire
 51830 | Zot:4    | Gained mutation: Your body sometimes deteriorates upon
                  | taking damage. [an orb of fire]
 51864 | Zot:4    | Gained mutation: Armour fits poorly on your strangely
                  | shaped body. [an orb of fire]
 51867 | Zot:4    | Killed an orb of fire
 51891 | Zot:4    | Noticed a Killer Klown
 51914 | Zot:4    | Reached XP level 25. HP: 37/244 MP: 31/34
 51933 | Zot:4    | Received a gift from Okawaru
 51940 | Zot:4    | Killed a Killer Klown
 52060 | Zot:4    | Noticed a Killer Klown
 52082 | Zot:4    | Killed a Killer Klown
 52323 | Zot:5    | Entered Level 5 of the Realm of Zot
 52701 | Zot:5    | Received a gift from Okawaru
 52823 | Zot:5    | Received a gift from Okawaru
 53068 | Zot:5    | Noticed a Killer Klown
 53070 | Zot:5    | Noticed an orb of fire
 53071 | Zot:5    | Noticed an ancient lich
 53071 | Zot:5    | Noticed an orb of fire
 53073 | Zot:5    | Noticed an orb of fire
 53075 | Zot:5    | Noticed an orb of fire
 53078 | Zot:5    | Noticed an ancient lich
 53078 | Zot:5    | Noticed a Killer Klown
 53086 | Zot:5    | Noticed an ancient lich
 53091 | Zot:5    | Killed an ancient lich
 53094 | Zot:5    | Killed an ancient lich
 53095 | Zot:5    | Killed a Killer Klown
 53105 | Zot:5    | Killed an orb of fire
 53106 | Zot:5    | Reached skill level 24 in Fighting
 53108 | Zot:5    | Killed an orb of fire
 53112 | Zot:5    | Identified the +0 pair of gloves "Voecs" {Str+4} (Okawaru
                  | gifted it to you on level 5 of the Realm of Zot)
 53112 | Zot:5    | Received a gift from Okawaru
 53117 | Zot:5    | Killed a Killer Klown
 53118 | Zot:5    | Killed an ancient lich
 53118 | Zot:5    | Noticed an orb of fire
 53121 | Zot:5    | Noticed an orb of fire
 53127 | Zot:5    | Noticed a Killer Klown
 53142 | Zot:5    | Gained mutation: You sometimes lose your temper in combat.
                  | [an orb of fire]
 53143 | Arena    | Entered the Arena
 53211 | Zot:5    | Killed an orb of fire
 53219 | Zot:5    | Killed an orb of fire
 53219 | Zot:5    | Noticed an ancient lich
 53223 | Zot:5    | Lost mutation: Your mind is acute. (Int +4, Str/Dex -1) [an
                  | orb of fire]
 53225 | Zot:5    | Killed an orb of fire
 53229 | Zot:5    | Killed an orb of fire
 53236 | Zot:5    | Killed a Killer Klown
 53240 | Zot:5    | Killed an ancient lich
 53240 | Zot:5    | Identified the +1 cloak of the Accordion {Dex+3} (Okawaru
                  | gifted it to you on level 5 of the Realm of Zot)
 53240 | Zot:5    | Received a gift from Okawaru
 53386 | Zot:5    | Noticed an ancient lich
 53387 | Zot:5    | Noticed a Killer Klown
 53387 | Zot:5    | Noticed a dread lich
 53399 | Zot:5    | Killed an ancient lich
 53407 | Zot:5    | Killed a dread lich
 53414 | Zot:5    | a Killer Klown changed into a rockslime
 53495 | Zot:5    | Got the Orb of Zot
 53509 | Zot:5    | Reached XP level 26. HP: 256/256 MP: 34/34
 54210 | D:1      | Gained mutation: You are frail. (-10% HP) [a neqoxec]
 54240 | D:1      | Lost mutation: Armour fits poorly on your strangely shaped
                  | body. [potion of mutation]
 54240 | D:1      | Lost mutation: You sometimes lose your temper in combat.
                  | [potion of mutation]
 54240 | D:1      | Gained mutation: You have an increased reservoir of magic.
                  | (+10% MP) [potion of mutation]
 54241 | D:1      | Lost mutation: You are frail. (-10% HP) [potion of
                  | mutation]
 54241 | D:1      | Lost mutation: Your body sometimes deteriorates upon taking
                  | damage. [potion of mutation]
 54241 | D:1      | Gained mutation: You have sharp fingernails. [potion of
                  | mutation]
 54241 | D:1      | Gained mutation: A frigid envelope surrounds you and
                  | freezes all who hurt you. [potion of mutation]
 54311 | D:1      | Noticed Xizxinwe the pandemonium lord
 54327 | D:$      | Escaped with the Orb!

Illustrated notes

Levels and vault maps discovered:
D:1:      tarquinn_simple_flora_water_a, layout_basic, serial_shops, shop,
          shop_statue, nicolae_shop_stone, minmay_misc_feat_five, nicolae_titane
D:2:      layout_basic, serial_undead, serial_undead_d, serial_undead_f,
          serial_undead_f, serial_undead_a
D:3:      layout_basic, uniq_natasha
D:4:      layout_rooms
D:5:      layout_basic, minmay_liquid_box, serial_bayou_lake_a
D:6:      layout_basic, serial_shops, shop_fountains, nicolae_lakefront_shop,
          nicolae_shop_advertising_works [nicolae_subvault_shop_adworks]
D:7:      layout_cave_pods, minmay_temple_entry_mist
D:8:      layout_basic, kennysheep_generic_room_7, uniq_grum
D:9:      minmay_the_grid_octo_tiled_squarecenter [minmay_the_grid_octo_empty,
          minmay_the_grid_octo_odd_swirl, minmay_the_grid_octo_checkerflower,
          minmay_the_grid_octo_clover,
          minmay_the_grid_square_5x5_megaprize_hollow,
          minmay_the_grid_square_5x5_z, minmay_the_grid_square_5x5_gyroscope,
          minmay_the_grid_square_5x5_sharp_hourglass,
          minmay_the_grid_square_5x5_seven], layout_rooms, dpeg_oklobed_lair,
          serial_shops, kennysheep_mini
D:10:     layout_loops_ring, nicolae_dithmenos_the_darkroom, david_orc_1_choice
D:11:     layout_basic, uniq_erica
D:12:     layout_rooms, portal_ice_cave_entry_pillars_1
D:13:     layout_loops_cross, david_vaults_3, fedhas_altar_3
D:14:     layout_basic, hangedman_abyss_or_decor_clamps, grunt_decor_one_mirror,
          st_stairs_8
D:15:     grunt_enter_depths_hoard, layout_gridville, serial_shops,
          nicolae_shop_bloodbath_and_beyond, st_stairs_13
Temple:   roderic_octagonal_lattice_temple
Lair:1:   layout_concentric_octagons, chequers_serial_rivers_micro_a,
          serial_bayou_lagoon_a, uniq_prince_ribbit2
Lair:2:   layout_cave_pods, guppyfry_snake_entry_island, lemuel_oklob_altar,
          infiniplex_staircase_pool
Lair:3:   layout_roguey, minmay_shoals_entry_centaurs
Lair:4:   layout_layer_cave, slime_entry_2, lemuel_fruit_fields, uniq_josephine,
          uniq_nessos
Lair:5:   hangedman_lair_caniforms_friends, layout_regular_city
Shoals:1: layout_shoals, serial_shops, nicolae_diamond_shop, shop, shop,
          uniq_mlioglotl
Shoals:2: layout_shoals
Shoals:3: layout_shoals, serial_shops, shop, nicolae_shop_hallway_plus,
          nicolae_shop_hallway_stairs, uniq_donald
Shoals:4: shoals_end_simple, layout_shoals, shoals_ilsuiw_ice,
          nicolae_shoals_beach_cooler
Snake:1:  layout_misc_corridors, dpeg_stationary_puzzle
Snake:2:  layout_rooms, nicolae_snake_gridmaze_waves, abandoned_shop,
          nicolae_snake_lava_pool
Snake:3:  layout_basic, grunt_ministairs_9
Snake:4:  snake_pit_salamanders_mu, layout_layer_cave, beargit_elvish_explorers,
          minmay_shoptagon
Orc:1:    layout_diamond_mine, uniq_maurice
Orc:2:    st_orc_mages, layout_caves
Elf:1:    nicolae_elf_arrival_no_cutting_in_line, layout_gridlike,
          hangedman_corner_corridor, corexii_leaking_fountain,
          lemuel_upstairs_altar, grunt_megastairs_4
Elf:2:    nicolae_elf_blades_crystal_corner, layout_geoelf_diagonals,
          serial_shops, shop, minmay_shop_grove, uniq_louise, uniq_azrael
Elf:3:    elf_hall, layout_geoelf_grid
Vaults:1: gammafunk_ghost_spectres, nicolae_vaults_arrows, v_alt_pattern_4,
          v_alt_pattern_5, nicolae_vaults_triangles,
          nicolae_vaults_holding_cells, nicolae_vaults_alarming,
          vaults_standard_mumra_x, nicolae_vaults_big_angled_halls,
          dpeg_vaults_monster_box, vaults_dpeg_hooks, layout_vaults_omnicross
Vaults:2: v_misc_17, minmay_crypt_entry_simple_box, v_misc_15,
          ontoclasm_vaults_fault, grunt_vaults_funnel,
          nicolae_vaults_ring_of_whatevers, ontoclasm_vaults_hangar,
          dpeg_vaults_hating_casters, vaults_dpeg_emergency_exit,
          layout_vaults_omnigrid
Vaults:3: v_alt_pattern_2, nicolae_vaults_asterisk, nicolae_vaults_rhombus_5,
          nicolae_vaults_ninety_degrees, nicolae_vaults_shelves_hall,
          vaults_room_fours, grunt_vaults_bifocal, dpeg_vaults_monster_row,
          nicolae_vaults_quartermaster, vaults_mumra_minichess, v_pattern_2,
          layout_vaults_maze, serial_shops, nicolae_diamond_shop
Vaults:4: nicolae_vaults_gold_heap, v_misc_3, ontoclasm_vaults_ring_large,
          hangedman_vaults_corner_blocks, v_misc_2, v_alt_pattern_1,
          vaults_room_pools, v_misc_17, nicolae_vaults_little_squares_3,
          ontoclasm_vaults_gateway, hangedman_vaults_stitches,
          ontoclasm_vaults_idyll, nicolae_vaults_diagonal_hallway_7,
          grunt_vaults_diagonal, vaults_room_door_ring, layout_vaults_omnibox
Vaults:5: serial_shops, uniq_sojobo
Depths:1: layout_twisted_cross, enter_ziggurat_e, abyss_entry_flame_altar,
          lemuel_crystal_altar, lightli_too_deep, kennysheep_potato
Depths:2: gammafunk_sealed_arena, layout_honeycomb, hell_entry,
          skrybe_limestone_x, rand_demon_pan_entry_7, abyss_entry,
          okawaru_trees_2, infiniplex_staircase_split_hallway
Depths:3: hangedman_cross_cluster, layout_gridville, hell_entry,
          grunt_pan_entry_sceptre, serial_sigils_hangedman_etch, abyss_entry,
          ebering_ghost_gozag
Depths:4: evilmike_zot_entry_argh, layout_basic, grunt_hell_entry_dis_old
Zot:1:    layout_gridlike, zot_minivault_5, grunt_megastairs_1
Zot:2:    layout_onion_interference
Zot:3:    layout_misc_corridors, grunt_ministairs_6, st_large_dragon_hoard_1
Zot:4:    layout_misc_corridors
Zot:5:    layout_misc_corridors, st_stairs_12

Skill      XL: |  1  2  3  4  5  6  7  8  9 10 11 12 13 14 15 16 17 18 19 20 21 22 23 24 25 |
---------------+----------------------------------------------------------------------------+-----
Fighting       | 4 5 6 7 8 9 11 12 13 14 15 17 18 19 20 21 22 23 24 | 24.6
Shields        | 4 5 6 7 8 9 11 12 13 14 15 17 18 19 20 21 22 | 22.7
Armour         | 4 5 6 7 8 9 10 12 14 15 16 18 19 | 19.6
Axes           | 3 4 5 6 8 9 10 11 12 13 15 16 18 19 20 | 20.7
Dodging        | 2 3 4 6 7 9 10 11 12 13 15 16 17 18 19 20 21 22 | 22.5
Invocations    | 2 4 6 7 9 11 12 13 14 15 16 | 16.1
Short Blades   | 2 |  2.2
Stealth        | 1 4 5 7 8 9 10 11 12 14 15 17 18 | 18.4
Evocations     | 3 5 7 9 10 11 13 | 13.3

Action                     |  1- 3 |  4- 6 |  7- 9 | 10-12 | 13-15 | 16-18 | 19-21 | 22-24 | 25-27 || total
---------------------------+-------+-------+-------+-------+-------+-------+-------+-------+-------++-------
  Melee: War axe           |    72 |    89 |   249 |   104 |       |       |       |       |       ||   514
         Headbutt          |    11 |    16 |    55 |   114 |   201 |   329 |   431 |   612 |   182 ||  1951
         Short sword       |       |       |       |   103 |       |       |       |       |       ||   103
         Broad axe         |       |       |       |   236 |   780 |  1259 |  1221 |  1671 |   464 ||  5631
 Invoke: Heroism           |       |       |       |       |     8 |    19 |    12 |    24 |    10 ||    73
         Finesse           |       |       |       |       |     1 |     1 |     1 |     3 |     3 ||     9
         Duel              |       |       |       |       |       |       |       |     1 |     1 ||     2
  Evoke: Wand              |       |       |       |       |     3 |    16 |     5 |     4 |       ||    28
         Condenser vane    |       |       |       |       |       |       |       |       |     1 ||     1
    Use: Scroll            |       |     5 |       |     8 |    10 |    17 |    11 |     7 |     8 ||    66
         Potion            |       |     2 |     1 |     2 |       |     9 |     2 |     7 |    27 ||    50
   Stab: Invisible         |       |       |       |     5 |       |     3 |       |       |       ||     8
         Sleeping          |       |       |       |    14 |    10 |    27 |    26 |    17 |       ||    94
         Distracted        |       |       |       |     1 |     3 |     6 |     5 |    13 |     4 ||    32
         Confused          |       |       |       |       |       |       |       |     1 |       ||     1
 Armour: Scale mail        |    30 |    29 |       |    68 |   147 |    84 |    87 |   147 |    33 ||   625
         Chain mail        |       |     4 |   149 |    47 |       |       |       |       |       ||   200
  Dodge: Dodged            |    28 |    49 |   122 |   269 |   480 |   607 |   432 |  1024 |   233 ||  3244
  Block: Buckler           |    17 |    20 |    25 |       |       |       |       |       |       ||    62
         Kite shield       |       |       |   134 |   312 |   315 |       |       |       |       ||   761
         Tower shield      |       |       |       |       |   558 |  1609 |  1456 |  2224 |   583 ||  6430
         Reflection        |       |       |       |       |    78 |    94 |   106 |    26 |    11 ||   315

Table legend: (Time is in decaauts)
 A = Elapsed time spent in this place.
 B = Non-inter-level travel time spent in this place.
 C = Inter-level travel time spent in this place.
 D = Time resting spent in this place.
 E = Time spent auto-exploring this place.
 F = Levels seen in this place.
 G = Mean time per level.
                   A        B        C        D        E       F      G
               +--------+--------+--------+--------+--------+-----+--------+
         Total |  53891 |  50148 |   3743 |   3526 |  34597 |  51 | 1056.7 |
       Dungeon |  14923 |  12974 |   1949 |    368 |  10035 |  15 |  994.9 |
        Temple |    313 |    265 |     48 |      0 |    243 |   1 |  313.0 |
          Lair |   6400 |   5897 |    503 |    195 |   4636 |   5 | 1280.0 |
        Shoals |   5143 |   5013 |    130 |    957 |   2765 |   4 | 1285.8 |
     Snake Pit |   5631 |   5489 |    142 |    734 |   3698 |   4 | 1407.8 |
  Orcish Mines |   1507 |   1366 |    141 |    116 |    907 |   2 |  753.5 |
   Elven Halls |   3814 |   3575 |    239 |    697 |   2032 |   3 | 1271.3 |
        Vaults |   6189 |   5899 |    290 |     74 |   4153 |   5 | 1237.8 |
        Depths |   4400 |   4225 |    175 |      0 |   2906 |   4 | 1100.0 |
           Zot |   4562 |   4441 |    121 |    385 |   2604 |   5 |  912.4 |
      Ice Cave |    959 |    959 |      0 |      0 |    615 |   1 |  959.0 |
         Arena |     46 |     46 |      0 |      0 |      0 |   2 |   23.0 |
               +--------+--------+--------+--------+--------+-----+--------+

Top non-repeatable levels by time:
 Snake:4: 2305 daAuts
Shoals:3: 1919 daAuts
   Elf:3: 1839 daAuts
Shoals:4: 1653 daAuts
Vaults:1: 1615 daAuts
  Lair:5: 1553 daAuts
    D:10: 1510 daAuts
     D:8: 1472 daAuts
Depths:2: 1450 daAuts
     D:9: 1365 daAuts
 Snake:3: 1315 daAuts
Vaults:2: 1311 daAuts
  Lair:4: 1310 daAuts
Vaults:5: 1307 daAuts
  Lair:2: 1303 daAuts
